 Dungeon Crawl Stone Soup version 0.24.0-125-gc4c63601f3 (webtiles) character file.

Game seed: 7291217021942691925, levelgen mode: deterministic

74 LraC the Grave Robber (level 4, 0/30 HPs)
             Began as a Demonspawn Necromancer on Mar 2, 2020.
             Killed from afar by an orc wizard (3 damage)
             ... with a puff of frost
             ... on level 3 of the Dungeon on Mar 3, 2020.
             The game lasted 00:52:34 (2710 turns).

LraC the Grave Robber (Demonspawn Necromancer)      Turns: 2710, Time: 00:52:35

Health: 0/30       AC:  8    Str:  9    XL:     4   Next: 9%
Magic:  4/8        EV: 10    Int: 17    God:
Gold:   125        SH:  3    Dex: 13    Spells: 3/8 levels left

rFire    . . .     SeeInvis .   j - +1 dagger (flame)
rCold    . . .     Gourm    .   e - +0 buckler
rNeg     . . .     Faith    .   m - +0 ring mail
rPois    .         Spirit   .   p - +0 helmet
rElec    .         Reflect  .   (no cloak)
rCorr    .         Harm     .   (no gloves)
MR       .....                  i - +0 pair of boots
Stlth    +.........             (no amulet)
HPRegen  0.10/turn              (no ring)
MPRegen  0.11/turn              (no ring)

@: no status effects
A: claws 1, rugged brown scales 1, powered by death 1
a: no special abilities


You were on level 3 of the Dungeon.
You were not hungry.

You visited 1 branch of the dungeon, and saw 3 of its levels.

You collected 125 gold pieces.

Inventory:

Hand Weapons
 b - a +0 dagger
 c - a +0 dagger
 f - a +0 whip
 g - a +0 hunting sling
 j - a +1 dagger of flaming (weapon)
 o - a +0 dagger
 r - a +0 dagger
 u - a +0 club
 v - a cursed +0 club
 A - a +0 short sword
Missiles
 d - 38 bolts
 s - 17 stones (quivered)
 C - 6 atropa-tipped darts
Armour
 a - a +0 robe
 e - a +0 buckler (worn)
 h - a +0 helmet
 i - a +0 pair of boots (worn)
 k - a +0 scale mail
 l - a +0 robe
 m - a +0 ring mail (worn)
 p - a +0 helmet (worn)
 w - a +0 leather armour
 B - a +0 ring mail
Jewellery
 n - an uncursed amulet of inaccuracy
Wands
 y - a wand of iceblast (5)
Scrolls
 t - 2 scrolls of remove curse
Comestibles
 q - 5 rations
 z - 2 chunks of flesh


   Skills:
 + Level 0.2 Fighting
 + Level 0.1 Short Blades
 + Level 2.0 Dodging
 + Level 1.8 Stealth
 + Level 0.5 Shields
 + Level 2.8 Spellcasting
 + Level 5.3 Necromancy


You had 3 spell levels left.
You knew the following spells:

 Your Spells              Type           Power        Failure   Level  Hunger
a - Pain                  Necr           ###.         9%          1    #......
b - Animate Skeleton      Necr           N/A          9%          1    #......
c - Regeneration          Chrm/Necr      ##........   63%         3    ###....

Your spell library contained the following spells:

 Spells                   Type           Power        Failure   Level  Hunger
 Vampiric Draining        Necr           ###.......   26%         3    ###....
 Animate Dead             Necr           N/A          65%         4    #####..


Dungeon Overview and Level Annotations

Branches:
Dungeon (3/15)

Altars:
Nemelex Xobeh


Innate Abilities, Weirdness & Mutations

You have sharp fingernails.
You are partially covered in rugged brown scales. (AC +1, +3% HP)
You regenerate a little health from kills.


Message History

You feel better.
You hear some strange, mumbled words.
A magic dart appears from out of thin air!
The magic dart hits you.
You hear some strange, mumbled words.
A puff of frost appears from out of thin air!
The puff of frost hits you!
* * * LOW HITPOINT WARNING * * *
Something hits you but does no damage.
A magic dart appears from out of thin air!
The magic dart hits you.
* * * LOW HITPOINT WARNING * * *
Something hits you but does no damage. Something hits you but does no damage.
Something hits you but does no damage. You block something's attack.
You hear some strange, mumbled words.
A puff of frost appears from out of thin air!
The puff of frost hits you.
You die...

#....# #....###########
########....#.........#
............#.........#
#####......#.........#
####.#....#...<.....#
##....#....#.........#
###.....###............#
#.........@.##.........#
##........#####.........#
..........# ###########
.###.....## ##.....##
#.......# #.......#
#.......# ##.....##


There were no monsters in sight!

Vanquished Creatures
  An ooze (D:1)
  A worm (D:2)
  2 dart slugs (D:1)
  A leopard gecko (D:2)
  3 orcs (D:3)
  5 giant cockroaches
  3 hobgoblins
  8 jackals
  A ball python (D:1)
  3 bats
  5 frilled lizards
  6 goblins
  7 kobolds
  8 rats
54 creatures vanquished.

Vanquished Creatures (collateral kills)
  A bat (D:2)
  A rat (D:2)
2 creatures vanquished.

Grand Total: 56 creatures vanquished

Notes
Turn   | Place    | Note
-------+----------+-------------------------------------------
     0 | D:1      | LraC the Demonspawn Necromancer began the quest for the
                  | Orb.
     0 | D:1      | Reached XP level 1. HP: 13/13 MP: 3/3
     2 | D:1      | Learned a level 1 spell: Animate Skeleton
   565 | D:1      | Gained mutation: You have sharp fingernails. [demonic
                  | ancestry]
   565 | D:1      | Reached XP level 2. HP: 15/19 MP: 0/5
  1167 | D:1      | Reached skill level 5 in Necromancy
  1204 | D:1      | Found a sparkling altar of Nemelex Xobeh.
  1253 | D:1      | Gained mutation: You regenerate a little health from kills.
                  | [demonic ancestry]
  1253 | D:1      | Reached XP level 3. HP: 19/24 MP: 4/6
  1519 | D:2      | Learned a level 3 spell: Regeneration
  2661 | D:3      | Gained mutation: You are partially covered in rugged brown
                  | scales. (AC +1, +3% HP) [demonic ancestry]
  2661 | D:3      | Reached XP level 4. HP: 24/30 MP: 5/8
  2710 | D:3      | Killed from afar by an orc wizard

Levels and vault maps discovered:
D:1:      nicolae_arrival_washed_ashore, layout_basic,
          nemelex_xobeh_ov_fountains_minmay
D:2:      layout_basic, first_ration
D:3:      layout_rooms, grunt_qazlal_clouds

Skill      XL: |  1  2  3 |
---------------+----------+-----
Necromancy     | 5 |  5.3
Dodging        | 2 |  2.0
Fighting       | |  0.2
Short Blades   | |  0.1
Stealth        | |  1.8
Shields        | |  0.5
Spellcasting   | |  2.8

Action                   |  1- 3 |  4- 6 || total
-------------------------+-------+-------++-------
Melee: Unarmed           |    13 |       ||    13
       Whip              |     8 |       ||     8
       Dagger            |    14 |     7 ||    21
 Cast: Pain              |    85 |     7 ||    92
       Animate Skeleton  |    11 |     1 ||    12
  Use: Scroll            |     6 |       ||     6
       Potion            |     4 |     1 ||     5
  Eat: Ration            |     2 |       ||     2
       Chunk             |     2 |       ||     2
Armor: Robe              |    10 |       ||    10
       Ring mail         |    22 |    11 ||    33
Dodge: Dodged            |    49 |     3 ||    52
Block: Buckler           |    12 |     2 ||    14
